 Dungeon Crawl Stone Soup version 0.29-a0-221-gceb61267dd (webtiles) character file.

Game seed: 8801283947720429225

1302 drugrobin the Cleaver (level 8, 0/62 HPs)
             Began as a Demigod Fighter on Feb 27, 2022.
             Slain by a vampire mosquito (7 damage)
             ... on level 5 of the Dungeon.
             The game lasted 00:11:11 (6066 turns).

drugrobin the Cleaver (Demigod Fighter)             Turns: 6066, Time: 00:11:12

Health: 0/62       AC: 11    Str: 27    XL:     8   Next: 10%
Magic:  10/10      EV: 10    Int: 10    God:
Gold:   317        SH:  6    Dex: 13    Spells: 7/7 levels left

rFire   . . .      SeeInvis .   a - +0 war axe
rCold   . . .      Faith    .   D - +2 buckler
rNeg    . . .      Spirit   .   E - +2 ring mail of Fajyw {Str+2}
rPois   .          Reflect  .   (no helmet)
rElec   .          Harm     .   (no cloak)
rCorr   .          Rampage  .   k - +0 pair of gloves
Will    .....                   u - +2 pair of boots
Stlth   +.........              v - amulet of the acrobat
HPRegen 0.20/turn               (no ring)
MPRegen 0.12/turn               (no ring)

@: no status effects
A: high MP 1, forlorn, divine attributes
a: no special abilities


You were on level 5 of the Dungeon.
You visited 1 branch of the dungeon, and saw 5 of its levels.

You collected 317 gold pieces.

Inventory:

Hand Weapons
 a - a +0 war axe (weapon)
 b - a +0 hunting sling
Missiles
 e - 12 poisoned darts
 l - 102 stones
 s - 4 silver javelins (quivered)
Armour
 k - a +0 pair of gloves (worn)
 o - a +0 plate armour
 p - a +0 scale mail
 u - a +2 pair of boots (worn)
 D - a +2 buckler (worn)
 E - the +2 ring mail of Fajyw (worn) {Str+2}
   (You found it on level 5 of the Dungeon)

   Str:       It affects your strength (+2).
Jewellery
 v - an amulet of the acrobat (around neck)
Wands
 A - a wand of mindburst (8)
Scrolls
 c - a scroll of blinking {unknown}
 g - a scroll of teleportation {unknown}
 h - 7 scrolls of identify {unknown}
 i - a scroll of torment {unknown}
 j - a scroll of fog {unknown}
 m - 4 scrolls of immolation {unknown}
 r - a scroll of vulnerability {unknown}
 t - a scroll of amnesia {unknown}
 w - 3 scrolls of magic mapping {unknown}
 y - 2 scrolls of noise {unknown}
Potions
 d - 3 potions of might
 f - a potion of ambrosia {unknown}
 n - 4 potions of curing {unknown}
 q - a potion of invisibility {unknown}
 x - a potion of degeneration {unknown}
 z - a potion of berserk rage {unknown}
 B - a potion of brilliance {unknown}
 C - a potion of attraction {unknown}
 F - a potion of magic {unknown}


   Skills:
 - Level 2.6 Fighting
 + Level 9.5 Axes
 - Level 2.6 Armour
 - Level 2.6 Shields


You had 7 spell levels left.
You didn't know any spells.
Your spell library was empty.

Dungeon Overview and Level Annotations

Branches:
Dungeon (5/15)
 Temple: D:4-7

Annotations:
D:2 1 runed translucent door, 1 exclusion, Crazy Yiuf


Innate Abilities, Weirdness & Mutations

You have an increased reservoir of magic. (+10% MP)
You shall have no god before yourself.
Your divine heritage dramatically boosts your attributes as you level up.


Message History

The vampire mosquito is almost destroyed.
The vampire mosquito closely misses you.
You block the vampire mosquito's attack. x2
You slash the vampire mosquito!
You destroy the vampire mosquito!
You have reached level 8!
You barely miss the vampire mosquito.
The vampire mosquito is moderately damaged.
The vampire mosquito bites you.
The vampire mosquito draws strength from your injuries!
The vampire mosquito closely misses you.
You hit the vampire mosquito but do no damage.
The vampire mosquito is lightly damaged.
The vampire mosquito bites you.
The vampire mosquito draws strength from your injuries!
The vampire mosquito bites you but does no damage.
You barely miss the vampire mosquito.
The vampire mosquito is lightly damaged.
The vampire mosquito closely misses you.
The vampire mosquito bites you.
The vampire mosquito draws strength from your injuries!
You closely miss the vampire mosquito.
The vampire mosquito closely misses you.
The vampire mosquito bites you.
The vampire mosquito draws strength from your injuries!
You closely miss the vampire mosquito.
The vampire mosquito completely misses you.
The vampire mosquito barely misses you.
You barely miss the vampire mosquito. The vampire mosquito barely misses you.
The vampire mosquito bites you.
* * * LOW HITPOINT WARNING * * *
The vampire mosquito draws strength from your injuries!
Aiming: Mindburst
Press: ? - help, Shift-Dir - straight line, f - vampire mosquito
Aim: a vampire mosquito (chance to affect: 64%)
The vampire mosquito's mind is blasted!
The vampire mosquito bites you!
* * * LOW HITPOINT WARNING * * *
The vampire mosquito draws strength from your injuries!
The vampire mosquito bites you!
You die...

## #### . #.. ..# #
... ... # #.# h.#
######## #.# ..#
..##...## ##.## ..#
#.#.###.####.#.## ..#
#..#####.##.###.##..#
#..........## ##@yh.#
##.......##.###.###.#
.....#.... ..#......#
..#.....#.###.#######
...#####..# ### ###.#
.# ### ..# .. ..# #.
.# ##.## ##...##.#


You could see a black bear and a vampire mosquito.

Vanquished Creatures
  A vampire mosquito (D:5)
  An ice beast (D:5)
  5 ogres
  2 phantoms
  A scorpion (D:5)
  2 jellies
  An orc priest (D:2)
  Natasha (thrice) (D:2)
  2 iguanas
  An orc wizard (D:2)
  4 gnolls (D:5)
  6 adders
  3 ufetubi
  3 worms
  4 dart slugs
  5 orcs
  6 endoplasms
  6 giant cockroaches
  10 goblins
  6 hobgoblins
  4 jackals (D:3)
  5 quokkas
  9 ball pythons
  7 bats
  3 frilled lizards
  6 kobolds
  6 rats
112 creatures vanquished.

Vanquished Creatures (others)
  3 fungi (D:2)
3 creatures vanquished.

Grand Total: 115 creatures vanquished

Notes
Turn   | Place    | Note
-------+----------+-------------------------------------------
     0 | D:1      | drugrobin the Demigod Fighter began the quest for the Orb.
     0 | D:1      | Reached XP level 1. HP: 18/18 MP: 3/3
    23 | D:1      | Reached skill level 2 in Axes
   276 | D:1      | Reached XP level 2. HP: 22/25 MP: 4/4
   507 | D:1      | Reached skill level 3 in Axes
   705 | D:1      | Reached XP level 3. HP: 30/30 MP: 5/5
  1228 | D:2      | Noticed a phantom
  1249 | D:1      | Killed a phantom
  1250 | D:1      | Reached skill level 4 in Axes
  1250 | D:1      | Reached XP level 4. HP: 14/37 MP: 6/6
  1713 | D:2      | Noticed Natasha
  1714 | D:2      | bro, this war axe is garbage
  1719 | D:2      | Killed Natasha
  1793 | D:2      | Reached skill level 5 in Axes
  1793 | D:2      | Reached XP level 5. HP: 42/42 MP: 7/7
  2435 | D:2      | Found a runed translucent door.
  2436 | D:2      | Noticed Crazy Yiuf
  2517 | D:2      | Noticed Natasha
  2529 | D:2      | Killed Natasha
  2605 | D:2      | Noticed Natasha
  2616 | D:2      | Killed Natasha
  2959 | D:3      | Noticed an ogre
  2964 | D:3      | Reached skill level 6 in Axes
  3081 | D:3      | Killed an ogre
  3082 | D:3      | Reached XP level 6. HP: 32/50 MP: 8/8
  4026 | D:4      | Reached skill level 7 in Axes
  4907 | D:4      | Reached XP level 7. HP: 11/56 MP: 9/9
  5261 | D:5      | Entered Level 5 of the Dungeon
  5485 | D:5      | Reached skill level 8 in Axes
  5799 | D:5      | Reached skill level 9 in Axes
  5814 | D:5      | Identified the +2 ring mail of Fajyw {Str+2}
  5971 | D:5      | Noticed a blizzard demon
  6060 | D:5      | Reached XP level 8. HP: 38/62 MP: 10/10
  6066 | D:5      | Slain by a vampire mosquito

Illustrated notes

#.####.####.......###.#...#...#.#
#.# #.# #.###.....#.#...#...#.#
#.# #.# #.# ###.....##..#...#.#
..####.####.# #..†..'.......#..
............# #.....##.###.##
#..####.....# #.....##.# ..
#..####.....#######+####.# .#
......+..........# #.# .
#..####....#####@# #.#
.............# #....h.##.#
....†......#.# ##..##.##.#
.......#####.## #.# #.# .......#
.#.#. .# #.# .......##P.#.#. ##.
.......#P.P#.#.. ...
.......#####.#. # ##
.#####.......#.


Turn 1714 on D:2: bro, this war axe is garbage

Levels and vault maps discovered:
D:1:      eino_arrival_water_star, layout_basic, ebering_ecumenical_altar_webs
D:2:      layout_basic, serial_aquarium, aquarium_bridge_square
          [aquarium_subvault_window, aquarium_subvault_balcony,
          aquarium_subvault_bridge, aquarium_subvault_bridge],
          aquarium_bridge_long_separate [aquarium_subvault_balcony,
          aquarium_subvault_bridge, aquarium_subvault_bridge,
          aquarium_subvault_balcony, aquarium_subvault_bridge,
          aquarium_subvault_balcony], aquarium_window_corner, aquarium_window_1,
          aquarium_window_1, aquarium_view_2c, aquarium_view_2g,
          aquarium_balcony_3a, aquarium_pool_corner, uniq_natasha,
          uniq_crazy_yiuf_cottage
D:3:      layout_loops_corners, nemelex_dance_club_becter
D:4:      layout_gridville, nicolae_dithmenos_shadow_blocks
D:5:      layout_loops_ring, mainiacjoe_overflow_surrounded_room,
          makhleb_altar_promises_db, mainiacjoe_overflow_alcove_2,
          kennysheep_small_spiral

Skill      XL: |  1  2  3  4  5  6  7 |
---------------+----------------------+-----
Axes           | 2 3 4 5 6 7 9 |  9.5
Fighting       | |  2.6
Armour         | |  2.6
Shields        | |  2.6

Action                   |  1- 3 |  4- 6 |  7- 9 || total
-------------------------+-------+-------+-------++-------
Melee: War axe           |    95 |   182 |    81 ||   358
 Fire: Hunting sling     |       |     9 |     9 ||    18
Throw: Dart              |     1 |     8 |     9 ||    18
       Stone             |       |     9 |       ||     9
       Javelin           |       |       |     2 ||     2
Evoke: Wand              |       |       |     1 ||     1
Armor: Scale mail        |    24 |    12 |       ||    36
       Plate armour      |       |    74 |    35 ||   109
       Ring mail         |       |       |    17 ||    17
Dodge: Dodged            |    41 |    81 |    37 ||   159
Block: Buckler           |    21 |    27 |    31 ||    79

Table legend: (Time is in decaauts)
 A = Elapsed time spent in this place.
 B = Non-inter-level travel time spent in this place.
 C = Inter-level travel time spent in this place.
 D = Time resting spent in this place.
 E = Time spent auto-exploring this place.
 F = Levels seen in this place.
 G = Mean time per level.
                   A        B        C        D        E       F      G
               +--------+--------+--------+--------+--------+-----+--------+
         Total |   6172 |   5914 |    258 |    687 |   3789 |   5 | 1234.4 |
       Dungeon |   6172 |   5914 |    258 |    687 |   3789 |   5 | 1234.4 |
               +--------+--------+--------+--------+--------+-----+--------+

Top non-repeatable levels by time:
     D:1: 1485 daAuts
     D:4: 1455 daAuts
     D:2: 1254 daAuts
     D:3: 1157 daAuts
     D:5: 820 daAuts
